 Dungeon Sprint DCSS version 0.29-a0-322-g68df515428 (webtiles) character file.

Game seed: 10507297173803863617

285833 mhtbhm the Minotaur Porcupine (level 18, -3/180 HPs)
             Began as a Minotaur Berserker on Apr 9, 2022.
             Was a High Priest of Trog.
             Killed from afar by an orb of fire (15 damage)
             ... with a fireball
             ... in the Dungeon (Sprint IX: "|||||||||||||||||||||||||||||").
             The game lasted 00:21:29 (13191 turns).

mhtbhm the Minotaur Porcupine (Minotaur Berserker) Turns: 13191, Time: 00:21:30

Health: -3/180     AC: 48    Str: 23 (27) XL:     18   Next: 28%
Magic:  17/17      EV: 14    Int: -3 (2)  God:    Trog [*****.]
Gold:   319        SH:  5    Dex: 10 (15) Spells: 17/17 levels left

rFire   + + .      SeeInvis .   S - +5 double sword of the Queen {holy, rElec rN++}
rCold   + + +      Faith    .   (no shield)
rNeg    + + .      Spirit   .   b - +12 gold dragon scales
rPois   +          Reflect  +   K - +1 hat
rElec   +          Harm     .   T - +2 cloak
rCorr   +          Rampage  .   u - +0 pair of gloves
Will    +....      NoTele   +   k - +0 pair of boots
Stlth   ++........              x - amulet of reflection
HPRegen 0.40/turn               C - ring of Zin's Esteem {*Slow rF+ rC+ Str-2 Dex+4}
MPRegen 0.15/turn               O - ring "Feryly" {rElec rPois rC+ rCorr Slay+2}

@: on berserk cooldown, slowed, lost intelligence, unable to read, unable to
drink, very slow
A: horns 2, retaliatory headbutt, dopey 1, frail 1, screaming 1, inability to
read while threatened
}: 5/17 runes: decaying, serpentine, barnacled, silver, gossamer
a: Renounce Religion, Berserk, Trog's Hand, Brothers in Arms


You were in the Dungeon.
You worshipped Trog.
Trog was extremely pleased with you.
You visited 1 branch You collected 1949 gold pieces.
You spent 1630 gold pieces at shops.

Inventory:

Hand Weapons
 a - the +10 glaive of Severance {vorpal, rElec}
   (Trog gifted it to you in the Dungeon)

   It inflicts extra damage upon your enemies.
   rElec:     It insulates you from electricity.
 S - the +5 double sword of the Queen (weapon) {holy, rElec rN++}
   (You found it in the Dungeon)

   It has been blessed by the Shining One to cause great damage to the undead
   and demons.
   rElec:     It insulates you from electricity.
   rN:        It greatly protects you from negative energy.
Missiles
 e - 6 javelins
 m - 7 silver javelins
 q - 6 curare-tipped darts (quivered)
Armour
 b - +12 gold dragon scales (worn)
 k - a +0 pair of boots (worn)
 l - a +0 tower shield
 u - a +0 pair of gloves (worn)
 K - a +1 hat (worn)
 T - a +2 cloak (worn)
Jewellery
 x - an amulet of reflection (around neck)
 C - the ring of Zin's Esteem (left hand) {*Slow rF+ rC+ Str-2 Dex+4}
   (You bought it in a shop in the Dungeon)

   [ring of protection from cold]

   Str:       It affects your strength (-2).
   Dex:       It affects your dexterity (+4).
   rF:        It protects you from fire.
   rC:        It protects you from cold.
   *Slow:     It may slow you when you take damage.
 D - a ring of protection from cold
 F - a ring of see invisible
 M - the ring of Sics {Fire rPois Int+3 Dex-3}
   (You found it in the Dungeon)

   [ring of fire]

   It enhances your fire magic.
   Int:       It affects your intelligence (+3).
   Dex:       It affects your dexterity (-3).
   rF:        It protects you from fire.
   rC:        It makes you vulnerable to cold.
   rPois:     It protects you from poison.
 O - the ring "Feryly" (right hand) {rElec rPois rC+ rCorr Slay+2}
   (You found it in the Dungeon)

   [ring of poison resistance]

   Slay:      It affects your accuracy & damage with ranged weapons and melee
   (+2).
   rC:        It protects you from cold.
   rElec:     It insulates you from electricity.
   rPois:     It protects you from poison.
   rCorr:     It protects you from acid and corrosion.
Wands
 j - a wand of iceblast (6)
 I - a wand of polymorph (8)
Scrolls
 r - 8 scrolls of enchant weapon
 t - a scroll of immolation
 y - 5 scrolls of identify
 z - 5 scrolls of fog
 A - 2 scrolls of holy word
 B - 4 scrolls of fear
Potions
 c - 3 potions of curing
 f - 9 potions of magic
 g - 3 potions of berserk rage
 i - a potion of invisibility
 n - 5 potions of mutation
 o - 5 potions of resistance
 p - 3 potions of might
 H - 3 potions of ambrosia
 L - 6 potions of haste
Miscellaneous
 E - a tin of tremorstones (2/2)
 N - a lightning rod (4/4)


   Skills:
 O Level 27 Fighting
 + Level 15.8 Long Blades
 O Level 27 Polearms
 O Level 27 Armour
 O Level 27 Dodging
 O Level 27 Stealth
 O Level 27 Shields
 + Level 16.8 Evocations


You had 17 spell levels left.
You didn't know any spells.
Your spell library was empty.

Dungeon Overview and Level Annotations

Branches:
Dungeon (1/1)

Altars:
Cheibriados
Dithmenos
Elyvilon
Fedhas
Gozag
Hepliaklqana
Kikubaaqudgha
Makhleb
Nemelex Xobeh
Okawaru
Qazlal
Ru
Sif Muna
Trog
Uskayaw
Vehumet
Wu Jian
Xom
Yredelemnul
Zin
The Shining One
Beogh
Jiyva
Lugonu

Shops:
D ?(=(


Innate Abilities, Weirdness & Mutations

You have a pair of horns on your head.
You reflexively headbutt those who attack you in melee.
You are dopey. (Int -2)
You are frail. (-10% HP)
You occasionally shout uncontrollably at your foes.
You sometimes lose the ability to read scrolls when taking damage.


Message History

The Killer Klown completely misses you. You furiously retaliate!
You headbutt the Killer Klown!
The orb of fire emits a lurid red light.
Strange energies course through your body.
You lose the ability to read scrolls when threatened.
The orb of fire glows yellow.
The fireball explodes!
The fireball engulfs the orb of fire.
The orb of fire completely resists.
The fireball engulfs you!! You resist.
You feel threatened and lose the ability to read scrolls!
* * * LOW HITPOINT WARNING * * *
The fireball engulfs the orb of fire.
The orb of fire completely resists.
You slash the Killer Klown! You headbutt the Killer Klown.
The Killer Klown is moderately wounded.
The Killer Klown kneecaps you with a +9 club of flaming.
* * * LOW HITPOINT WARNING * * *
The Killer Klown blinks!
Unknown command.
Unknown command.
You feel much better. The Killer Klown pies you viciously!
The klown pie hits you!
Lemon!
You feel unable to drink.
You feel threatened and lose the ability to read scrolls!
* * * LOW HITPOINT WARNING * * *
The orb of fire glows yellow.
The fireball explodes!
The fireball engulfs you. You resist.
* * * LOW HITPOINT WARNING * * *
The fireball engulfs the orb of fire.
The orb of fire completely resists.
Unknown command.
Unknown command.
Unknown command.
Your troll goes berserk!
The Killer Klown trip-wires your troll with a +9 club of flaming!
The Killer Klown burns your troll.
The orb of fire emits a lurid red light.
Strange energies course through your body.
You feel the urge to shout.
The orb of fire emits a lurid red light.
The fireball explodes!
The fireball engulfs the orb of fire.
The orb of fire completely resists.
The fireball engulfs you! You resist.
You die...

)▓.▓.▓.▓.▓)▓.▓.▓'▓
.▓.▓.▓.▓[▓.▓.▓.▓.▓
.▓.▓.▓.▓[▓.▓)▓.▓'▓
.▓.▓.▓.▓[▓.▓)▓.▓.▓
'▓.▓)▓.▓[▓.▓)▓.▓)▓
)▓.▓)▓.▓[▓.▓)▓.▓p▓
)▓.▓)▓.▓.▓.▓.▓.▓T▓
)▓.▓)▓.▓.▓.▓.▓.▓.▓
)▓.▓)▓.▓.▓.▓.▓.▓@▓
)▓[▓)▓.▓.▓.▓.▓.▓*▓
)▓.▓)▓.▓.▓.▓[▓.▓*▓
)▓.▓.▓.▓.▓.▓)▓.▓d▓
.▓.▓.▓.▓.▓.▓)▓.▓D▓
.▓.▓.▓.▓.▓.▓)▓.▓X▓
.▓.▓.▓.▓.▓.▓.▓.▓y▓
.▓.▓[▓.▓.▓.▓.▓.▓.▓
.▓.▓.▓.▓.▓.▓.▓.▓


You could see 2 orbs of fire, a Killer Klown (ally target), a golden dragon, a
yellow draconian (berserk), an Orb Guardian, a moth of wrath and a friendly
troll (summoned, berserk).

Vanquished Creatures
  2 ancient liches (D)
  An orb of fire (D)
  Mennas (D)
  Sojobo (D)
  Boris (D)
  5 golden dragons (D)
  A bone dragon (D)
  2 electric golems (D)
  6 tentacled monstrosities (D)
  16 Orb Guardians (D)
  A quicksilver dragon (D)
  A sphinx (D)
  3 death cobs (D)
  2 storm dragons (D)
  9 shadow dragons (D)
  Kirke (D)
  3 tengu reavers (D)
  A draconian monk (D)
  5 nagarajas (D)
  Ilsuiw (D)
  A draconian knight (D)
  A fire giant (D)
  3 frost giants (D)
  2 ghost moths (D)
  A deep elf sorcerer (D)
  A draconian scorcher (D)
  3 emperor scorpions (D)
  3 vault wardens (D)
  2 orc warlords (D)
  A spriggan defender (D)
  A very ugly thing (D)
  2 draconian shifters (D)
  2 war gargoyles (D)
  2 draconian stormcallers (D)
  3 draconian annihilators (D)
  8 stone giants (D)
  A black draconian (D)
  An ironbound thunderhulk (D)
  A vampire knight (D)
  A bunyip (D)
  A purple draconian (D)
  A deep elf annihilator (D)
  An eleionoma (D)
  A dire elephant (D)
  A yellow draconian (D)
  An entropy weaver (D)
  4 white draconians (D)
  5 merfolk javelineers (D)
  Snorg (D)
  6 fire dragons (D)
  Josephine (D)
  4 merfolk impalers (D)
  4 ettins (D)
  5 yaktaur captains (D)
  A great orb of eyes (D)
  7 ice dragons (D)
  25 vault guards (D)
  A peacekeeper (D)
  A hydra (shapeshifter) (D)
  8 hydras (D)
  2 rakshasas (D)
  2 ghost crabs (D)
  4 ogre magi (D)
  An ironbound frostheart (D)
  3 merfolk aquamancers (D)
  A deep troll earth mage (D)
  A satyr (D)
  A tengu warrior (D)
  Urug (D)
  A vampire mage (D)
  3 naga sharpshooters (D)
  A skeletal warrior (D)
  A pharaoh ant (D)
  5 deep trolls (D)
  A salamander mystic (D)
  3 glowing orange brains (D)
  6 swamp dragons (D)
  3 ironbound convokers (D)
  An orb spider (D)
  3 lindwurms (D)
  A wizard (D)
  An orc sorcerer (D)
  2 phantasmal warriors (D)
  An orc knight (D)
  A deep elf pyromancer (D)
  5 wolf spiders (D)
  3 manticores (D)
  14 moths of wrath (D)
  A salamander (D)
  A cyclops (D)
  A will-o-the-wisp (D)
  4 naga magi (D)
  3 black mambas (D)
  3 vault sentinels (D)
  A merfolk siren (D)
  3 guardian serpents (D)
  A water nymph (D)
  2 demonic crawlers (D)
  4 cane toads (D)
  2 komodo dragons (D)
  A kobold demonologist (D)
  An efreet (D)
  A yaktaur (D)
  A merfolk (D)
  4 trolls (D)
  2 tyrant leeches (D)
  2 slime creatures (D)
  2 wind drakes (D)
  A blink frog (D)
  3 jumping spiders (D)
  3 wraiths (D)
  A wyvern (D)
  A hog (D)
  A basilisk (D)
  3 yaks (D)
  A naga (D)
  4 acid dragons (D)
  A water moccasin (D)
  An ice beast (shapeshifter) (D)
  12 orc warriors (D)
  2 swamp drakes (D)
  2 wolves (D)
  A centaur (D)
  2 bullfrogs (D)
  A gnoll shaman (D)
  2 orc priests (D)
  An iguana (D)
  5 orc wizards (D)
  An ufetubus (D)
  5 worms (D)
  A dart slug (D)
  7 orcs (D)
  A goblin (D)
  A quokka (D)
  2 rats (D)
360 creatures vanquished.

Vanquished Creatures (collateral kills)
  A titan (D)
  3 hydras (D)
  A peacekeeper (D)
  A deep troll earth mage (D)
  A deep elf pyromancer (D)
  A manticore (D)
  A naga mage (D)
  A redback (D)
10 creatures vanquished.

Vanquished Creatures (others)
  A hydra (D)
  An alligator (D)
  A tyrant leech (D)
  A redback (D)
  A foxfire (D)
5 creatures vanquished.

Grand Total: 375 creatures vanquished

Notes
Turn   | Place    | Note
-------+----------+-------------------------------------------
     0 | D        | mhtbhm the Minotaur Berserker began the quest for the Orb.
     0 | D        | Reached XP level 1. HP: 19/19 MP: 0/0
     9 | D        | Reached ** piety under Trog
    63 | D        | Noticed an iguana
    63 | D        | Noticed a gnoll shaman
    68 | D        | Reached XP level 2. HP: 28/28 MP: 1/1
    68 | D        | Reached *** piety under Trog
    69 | D        | Reached skill level 5 in Fighting
    69 | D        | Reached skill level 5 in Polearms
    75 | D        | Reached XP level 3. HP: 37/37 MP: 2/2
    82 | D        | Reached XP level 4. HP: 45/45 MP: 3/3
   118 | D        | Found a snail-covered altar of Cheibriados.
   118 | D        | Found a shadowy altar of Dithmenos.
   118 | D        | Found a white marble altar of Elyvilon.
   118 | D        | Found a blossoming altar of Fedhas.
   118 | D        | Found an opulent altar of Gozag.
   119 | D        | Found a hazy altar of Hepliaklqana.
   120 | D        | Found a viscous altar of Jiyva.
   121 | D        | Found an ancient bone altar of Kikubaaqudgha.
   122 | D        | Found a corrupted altar of Lugonu.
   123 | D        | Found a burning altar of Makhleb.
   124 | D        | Found a sparkling altar of Nemelex Xobeh.
   125 | D        | Found an iron altar of Okawaru.
   126 | D        | Found a stormy altar of Qazlal.
   127 | D        | Found a sacrificial altar of Ru.
   128 | D        | Found a shimmering blue altar of Sif Muna.
   129 | D        | Found a bloodstained altar of Trog.
   130 | D        | Found a hide-covered altar of Uskayaw.
   131 | D        | Found a radiant altar of Vehumet.
   132 | D        | Found an ornate altar of the Wu Jian Council.
   133 | D        | Found a shimmering altar of Xom.
   134 | D        | Found a basalt altar of Yredelemnul.
   135 | D        | Found a glowing silver altar of Zin.
   136 | D        | Found a glowing golden altar of the Shining One.
   195 | D        | Noticed an acid dragon
   195 | D        | Noticed a yak
   195 | D        | Noticed a centaur
   195 | D        | Noticed an acid dragon
   195 | D        | Noticed a yak
   199 | D        | Killed an acid dragon
   199 | D        | Reached **** piety under Trog
   200 | D        | Reached XP level 5. HP: 56/56 MP: 4/4
   201 | D        | Reached skill level 5 in Armour
   203 | D        | Killed a yak
   204 | D        | Reached skill level 10 in Fighting
   204 | D        | Reached XP level 6. HP: 66/66 MP: 5/5
   214 | D        | Killed an acid dragon
   214 | D        | Reached ***** piety under Trog
   215 | D        | Reached skill level 5 in Dodging
   215 | D        | Reached XP level 7. HP: 42/74 MP: 6/6
   218 | D        | Killed a yak
   399 | D        | Noticed a manticore
   399 | D        | Noticed a slime creature
   399 | D        | Noticed a deep elf pyromancer
   399 | D        | Noticed a troll
   399 | D        | Noticed a kobold demonologist
   399 | D        | Noticed a tengu warrior
   422 | D        | Noticed a sun demon
   422 | D        | Killed a manticore
   423 | D        | Reached skill level 1 in Stealth
   423 | D        | Reached XP level 8. HP: 85/85 MP: 7/7
   424 | D        | Killed a slime creature
   425 | D        | Reached skill level 15 in Polearms
   430 | D        | Killed a deep elf pyromancer
   432 | D        | Killed a troll
   443 | D        | Killed a kobold demonologist
   443 | D        | Identified the +10 glaive of Severance {vorpal, rElec}
                  | (Trog gifted it to you in the Dungeon)
   443 | D        | Received a gift from Trog
   444 | D        | Reached XP level 9. HP: 96/96 MP: 8/8
   452 | D        | Killed a tengu warrior
   453 | D        | Reached skill level 15 in Fighting
   827 | D        | Noticed a cane toad
   827 | D        | Noticed a cane toad
   831 | D        | Killed a cane toad
   831 | D        | Noticed a cane toad
   834 | D        | Noticed a cane toad
   837 | D        | Killed a cane toad
   840 | D        | Received a gift from Trog
  1090 | D        | Killed a cane toad
  1091 | D        | Reached XP level 10. HP: 69/107 MP: 9/9
  1096 | D        | Killed a cane toad
  1096 | D        | Reached ****** piety under Trog
  1105 | D        | HP: 5/108 [poisoned by a cane toad]
  1493 | D        | Noticed a six-headed hydra
  1499 | D        | Killed a nine-headed hydra
  1500 | D        | Noticed a seven-headed hydra
  1504 | D        | Noticed a seven-headed hydra
  1507 | D        | Received a gift from Trog
  1508 | D        | Reached skill level 10 in Armour
  1514 | D        | Killed a nine-headed hydra
  1519 | D        | Killed an 11-headed hydra
  1604 | D        | Noticed a lindwurm
  1608 | D        | Received a gift from Trog
  1615 | D        | Noticed a lindwurm
  1620 | D        | Killed a lindwurm
  1621 | D        | Reached XP level 11. HP: 86/119 MP: 10/10
  1623 | D        | Killed a lindwurm
  1792 | D        | Noticed Josephine
  1796 | D        | Killed Josephine
  1796 | D        | Received a gift from Trog
  1959 | D        | Identified the +11 trident of Letoeggu {vorpal, Str+3}
                  | (Trog gifted it to you in the Dungeon)
  1959 | D        | Received a gift from Trog
  1975 | D        | Received a gift from Trog
  2032 | D        | Noticed an orc sorcerer
  2039 | D        | Received a gift from Trog
  2042 | D        | Killed an orc sorcerer
  2106 | D        | Found Pehixzokk's Magic Scroll Emporium.
  2106 | D        | Noticed an ogre mage
  2106 | D        | Noticed an ogre mage
  2106 | D        | Noticed a deep troll
  2106 | D        | Noticed an ettin
  2106 | D        | Noticed an ogre mage
  2109 | D        | Killed an ogre mage
  2111 | D        | Killed an ogre mage
  2111 | D        | Received a gift from Trog
  2112 | D        | Found Ulejal's Antique Weapon Shoppe.
  2112 | D        | Noticed a deep troll
  2114 | D        | Killed a deep troll
  2117 | D        | Killed an ettin
  2121 | D        | Killed an ogre mage
  2124 | D        | Found Vizapeke's Jewellery Emporium.
  2126 | D        | Killed a deep troll
  2126 | D        | Received a gift from Trog
  2262 | D        | Found Eschibbo's Weapon Shoppe.
  2264 | D        | Noticed a deep troll
  2266 | D        | Noticed a deep troll
  2267 | D        | Noticed an ogre mage
  2270 | D        | Killed a deep troll
  2271 | D        | Reached XP level 12. HP: 117/134 MP: 11/11
  2283 | D        | Killed an ogre mage
  2321 | D        | Bought the ring of Honesty {rCorr Str+2 Dex+6} for 438 gold
                  | pieces
  2321 | D        | Bought an amulet of reflection for 300 gold pieces
  2325 | D        | Bought a scroll of enchant armour for 90 gold pieces
  2325 | D        | Bought a scroll of identify for 24 gold pieces
  2325 | D        | Bought a scroll of fog for 24 gold pieces
  2325 | D        | Bought a scroll of holy word for 90 gold pieces
  2325 | D        | Bought a scroll of fear for 42 gold pieces
  2325 | D        | Bought a scroll of fog for 24 gold pieces
  2325 | D        | Bought a scroll of enchant armour for 90 gold pieces
  2325 | D        | Bought a scroll of fear for 42 gold pieces
  2325 | D        | Bought a scroll of holy word for 90 gold pieces
  2329 | D        | Bought the ring of Zin's Esteem {*Slow rF+ rC+ Str-2 Dex+4}
                  | for 376 gold pieces
  2406 | D        | Noticed Urug
  2415 | D        | Killed Urug
  2415 | D        | Received a gift from Trog
  2518 | D        | Noticed a six-headed hydra
  2518 | D        | Noticed an eight-headed hydra
  2519 | D        | Noticed a four-headed hydra
  2536 | D        | Noticed an ice dragon
  2538 | D        | Killed a six-headed hydra
  2539 | D        | Received a gift from Trog
  2540 | D        | Killed an eight-headed hydra
  2541 | D        | Killed a four-headed hydra
  2577 | D        | Reached skill level 1 in Shields
  2672 | D        | Killed an ice dragon
  2698 | D        | Noticed a frost giant
  2705 | D        | Killed a frost giant
  2705 | D        | Received a gift from Trog
  2705 | D        | Noticed a fire giant
  2713 | D        | Killed a fire giant
  2766 | D        | Noticed a vampire knight
  2776 | D        | Killed a vampire knight
  2777 | D        | Reached skill level 10 in Dodging
  2874 | D        | Noticed a fire dragon
  2881 | D        | Killed a fire dragon
  2882 | D        | Reached skill level 15 in Armour
  2893 | D        | Noticed a red very ugly thing
  2900 | D        | Killed a red very ugly thing
  2900 | D        | Received a gift from Trog
  2914 | D        | Noticed a stone giant
  2923 | D        | Killed a stone giant
  3162 | D        | Noticed Snorg
  3170 | D        | Killed Snorg
  3171 | D        | Reached XP level 13. HP: 143/149 MP: 12/12
  3226 | D        | Noticed Kirke
  3234 | D        | Killed Kirke
  3273 | D        | Noticed an eleionoma
  3278 | D        | Reached skill level 27 in Polearms
  3278 | D        | Killed an eleionoma
  3449 | D        | Noticed a tentacled monstrosity
  3455 | D        | Killed a tentacled monstrosity
  3455 | D        | Received a gift from Trog
  3466 | D        | HP: 7/152 [poisoned by a swamp dragon (blast of poison)]
  3762 | D        | Noticed a merfolk impaler
  3762 | D        | Received a gift from Trog
  4023 | D        | Killed a merfolk impaler
  4031 | D        | Received a gift from Trog
  4238 | D        | Reached skill level 5 in Shields
  4295 | D        | Received a gift from Trog
  4316 | D        | Received a gift from Trog
  4408 | D        | Noticed an entropy weaver
  4419 | D        | Killed an entropy weaver
  4425 | D        | Reached skill level 27 in Fighting
  4483 | D        | Reached skill level 5 in Stealth
  4484 | D        | Identified the +5 halberd of Trog's Approval {vorpal, Str-4
                  | Dex+6} (Trog gifted it to you in the Dungeon)
  4484 | D        | Received a gift from Trog
  4638 | D        | Noticed a stone giant
  4638 | D        | Noticed a stone giant
  4638 | D        | Noticed an ettin
  4638 | D        | Noticed a stone giant
  4642 | D        | Killed a stone giant
  4647 | D        | Killed a stone giant
  4649 | D        | Killed an ettin
  4652 | D        | Killed a stone giant
  4652 | D        | Received a gift from Trog
  4653 | D        | Reached XP level 14. HP: 154/168 MP: 13/13
  4655 | D        | Noticed a stone giant
  4659 | D        | Noticed a spriggan defender
  4665 | D        | Killed a stone giant
  4729 | D        | Killed a spriggan defender
  4730 | D        | Reached skill level 10 in Shields
  4997 | D        | Received a gift from Trog
  5136 | D        | Noticed a stone giant
  5145 | D        | Killed a stone giant
  5151 | D        | Noticed a stone giant
  5251 | D        | Killed a stone giant
  5251 | D        | Received a gift from Trog
  5252 | D        | Reached skill level 15 in Dodging
  5674 | D        | Noticed a vault warden
  5678 | D        | Noticed an orc warlord
  5683 | D        | Noticed an orc warlord
  5694 | D        | Killed a vault warden
  5694 | D        | Received a gift from Trog
  5697 | D        | Killed an orc warlord
  5702 | D        | Killed an orc warlord
  5711 | D        | Noticed a vault warden
  5711 | D        | Paralysed by a great orb of eyes for 6 turns
  5724 | D        | Received a gift from Trog
  5732 | D        | Killed a vault warden
  6115 | D        | Noticed an ironbound thunderhulk
  6129 | D        | Received a gift from Trog
  6132 | D        | Killed an ironbound thunderhulk
  6221 | D        | Noticed Boris
  6231 | D        | Killed Boris
  6232 | D        | Reached skill level 15 in Shields
  6509 | D        | Received a gift from Trog
  6531 | D        | Reached XP level 15. HP: 160/174 MP: 14/14
  6548 | D        | Received a gift from Trog
  6551 | D        | Got a decaying rune of Zot
  6736 | D        | Noticed Ilsuiw
  6765 | D        | Killed Ilsuiw
  6765 | D        | Received a gift from Trog
  6799 | D        | Received a gift from Trog
  6800 | D        | Reached skill level 1 in Evocations
  6810 | D        | Got a barnacled rune of Zot
  7214 | D        | Noticed a nagaraja
  7215 | D        | Noticed a nagaraja
  7219 | D        | Noticed a nagaraja
  7222 | D        | Killed a nagaraja
  7223 | D        | Reached skill level 10 in Stealth
  7225 | D        | Noticed a nagaraja
  7229 | D        | Received a gift from Trog
  7231 | D        | Noticed a nagaraja
  7233 | D        | Killed a nagaraja
  7241 | D        | Killed a nagaraja
  7242 | D        | Killed a nagaraja
  7242 | D        | Received a gift from Trog
  7246 | D        | Killed a nagaraja
  7252 | D        | Received a gift from Trog
  7260 | D        | Got a serpentine rune of Zot
  7569 | D        | Received a gift from Trog
  7569 | D        | Noticed an emperor scorpion
  7589 | D        | Killed an emperor scorpion
  7964 | D        | Noticed an emperor scorpion
  7965 | D        | Noticed an emperor scorpion
  7969 | D        | Got a gossamer rune of Zot
  7980 | D        | Killed an emperor scorpion
  7983 | D        | Killed an emperor scorpion
  7983 | D        | Received a gift from Trog
  8134 | D        | Received a gift from Trog
  8158 | D        | Received a gift from Trog
  8190 | D        | Received a gift from Trog
  8213 | D        | Reached XP level 16. HP: 129/183 MP: 15/15
  8223 | D        | Received a gift from Trog
  8409 | D        | Noticed a tengu reaver
  8416 | D        | Received a gift from Trog
  8429 | D        | Killed a tengu reaver
  8429 | D        | Noticed a sphinx
  8431 | D        | Noticed a shadow dragon
  8434 | D        | Received a gift from Trog
  8446 | D        | Noticed a shadow dragon
  8447 | D        | Killed a sphinx
  8451 | D        | Killed a shadow dragon
  8462 | D        | Received a gift from Trog
  8473 | D        | Killed a shadow dragon
  8759 | D        | Noticed a shadow dragon
  8759 | D        | Noticed an ancient lich
  8759 | D        | Noticed a titan
  8759 | D        | Noticed a shadow dragon
  8760 | D        | Received a gift from Trog
  8761 | D        | Noticed a tentacled monstrosity
  8770 | D        | Noticed a shadow dragon
  8773 | D        | Killed a shadow dragon
  8775 | D        | Killed an ancient lich
  8782 | D        | Noticed a shadow dragon
  8789 | D        | Killed a titan
  8907 | D        | Killed a tentacled monstrosity
  8908 | D        | Reached skill level 27 in Armour
  8912 | D        | Killed a shadow dragon
  8912 | D        | Received a gift from Trog
  9635 | D        | Killed a shadow dragon
  9684 | D        | Killed a shadow dragon
  9796 | D        | Identified the +5 ring mail of Agnosticism {rC+ Regen+
                  | Str+4}
  9800 | D        | Got a silver rune of Zot
  9914 | D        | Got the ring of Sics {Fire rPois Int+3 Dex-3}
  9916 | D        | Got the ring "Feryly" {rElec rPois rC+ rCorr Slay+2}
  9918 | D        | Got the ring "Riraul" {rPois rF- Will+ MP+9 Slay+2}
  9920 | D        | Got the ring of Sunlight {Ice rPois Str-2 SInv}
  9922 | D        | Got the ring of the Eagle {Wiz rC+ Slay+3}
  9928 | D        | Got the +5 double sword of the Queen {holy, rElec rN++}
 10043 | D        | Noticed Sojobo
 10044 | D        | Noticed a tengu reaver
 10044 | D        | Noticed a tengu reaver
 10061 | D        | Killed Sojobo
 10069 | D        | Killed a tengu reaver
 10069 | D        | Received a gift from Trog
 10076 | D        | Killed a tengu reaver
 10346 | D        | Noticed Mennas
 10370 | D        | Killed Mennas
 10371 | D        | Reached skill level 27 in Shields
 10526 | D        | Received a gift from Trog
 10535 | D        | Reached skill level 27 in Dodging
 10589 | D        | Noticed a storm dragon
 10589 | D        | Noticed a storm dragon
 10590 | D        | Noticed a golden dragon
 10594 | D        | Killed a storm dragon
 10594 | D        | Received a gift from Trog
 10595 | D        | Reached skill level 15 in Stealth
 10595 | D        | Reached skill level 5 in Evocations
 10605 | D        | Killed a storm dragon
 10608 | D        | Killed a golden dragon
 10608 | D        | Noticed a bone dragon
 10609 | D        | Reached XP level 17. HP: 191/191 MP: 16/16
 10628 | D        | Killed a bone dragon
 10638 | D        | Received a gift from Trog
 10697 | D        | Noticed a tentacled monstrosity
 10709 | D        | Killed a tentacled monstrosity
 10717 | D        | Received a gift from Trog
 10798 | D        | Noticed a tentacled monstrosity
 10798 | D        | Noticed a tentacled monstrosity
 10798 | D        | Noticed a golden dragon
 10803 | D        | Killed a tentacled monstrosity
 10806 | D        | Killed a tentacled monstrosity
 10808 | D        | Noticed a tentacled monstrosity
 10818 | D        | Killed a golden dragon
 10818 | D        | Received a gift from Trog
 10825 | D        | Killed a tentacled monstrosity
 10999 | D        | Received a gift from Trog
 11011 | D        | Noticed a golden dragon
 11031 | D        | Killed a golden dragon
 11031 | D        | Received a gift from Trog
 11101 | D        | Noticed a quicksilver dragon
 11101 | D        | Noticed a golden dragon
 11114 | D        | Killed a quicksilver dragon
 11115 | D        | Noticed a golden dragon
 11121 | D        | Killed a golden dragon
 11123 | D        | Received a gift from Trog
 11169 | D        | Killed a golden dragon
 11171 | D        | Received a gift from Trog
 11172 | D        | Reached skill level 10 in Evocations
 11672 | D        | Noticed an Orb Guardian
 11672 | D        | Noticed an Orb Guardian
 11672 | D        | Noticed an Orb Guardian
 11672 | D        | Noticed an Orb Guardian
 11672 | D        | Noticed an Orb Guardian
 11672 | D        | Noticed an Orb Guardian
 11675 | D        | Killed an Orb Guardian
 11676 | D        | Noticed an Orb Guardian
 11681 | D        | Killed an Orb Guardian
 11687 | D        | Killed an Orb Guardian
 11691 | D        | Killed an Orb Guardian
 11696 | D        | Killed an Orb Guardian
 11700 | D        | Killed an Orb Guardian
 11700 | D        | Received a gift from Trog
 11703 | D        | Killed an Orb Guardian
 11705 | D        | Noticed an Orb Guardian
 11706 | D        | Noticed an Orb Guardian
 11707 | D        | Noticed an Orb Guardian
 11712 | D        | Killed an Orb Guardian
 11715 | D        | Killed an Orb Guardian
 11723 | D        | Killed an Orb Guardian
 11832 | D        | Noticed an Orb Guardian
 11832 | D        | Noticed an Orb Guardian
 11835 | D        | Noticed an Orb Guardian
 11838 | D        | Reached skill level 27 in Stealth
 11841 | D        | Killed an Orb Guardian
 11844 | D        | Noticed an Orb Guardian
 11846 | D        | Killed an Orb Guardian
 11846 | D        | Received a gift from Trog
 11856 | D        | Killed an Orb Guardian
 11857 | D        | Reached XP level 18. HP: 128/200 MP: 17/17
 11860 | D        | Killed an Orb Guardian
 11861 | D        | Reached skill level 15 in Evocations
 12149 | D        | Noticed an ancient lich
 12175 | D        | Killed an ancient lich
 12589 | D        | Noticed an orb of fire
 12590 | D        | Killed an orb of fire
 12590 | D        | Received a gift from Trog
 12595 | D        | Noticed an electric golem
 12601 | D        | Killed an electric golem
 12704 | D        | Noticed an electric golem
 12704 | D        | Noticed an Orb Guardian
 12722 | D        | Noticed an Orb Guardian
 12725 | D        | Killed an Orb Guardian
 12728 | D        | HP: 1/300 [death cob (20)]
 12745 | D        | Received a gift from Trog
 12748 | D        | Killed an Orb Guardian
 12749 | D        | Reached skill level 15 in Long Blades
 12765 | D        | Killed an electric golem
 13157 | D        | Noticed an orb of fire
 13158 | D        | Noticed an orb of fire
 13161 | D        | Noticed a Killer Klown
 13162 | D        | Gained mutation: You are dopey. (Int -2) [an orb of fire]
 13170 | D        | Noticed a golden dragon
 13175 | D        | Gained mutation: You are frail. (-10% HP) [an orb of fire]
 13179 | D        | Noticed an Orb Guardian
 13182 | D        | Lost intelligence.
 13188 | D        | Gained mutation: You sometimes lose the ability to read
                  | scrolls when taking damage. [an orb of fire]
 13191 | D        | Gained mutation: You occasionally shout uncontrollably at
                  | your foes. [an orb of fire]
 13191 | D        | Killed from afar by an orb of fire

Illustrated notes

Levels and vault maps discovered:
D:        linesprint [early_d, line_temple, items_1, d_10, items_2, lair_1,
          lair_end, items_3, orc_1, orc_end, items_4, d_15, swamp_1, shoals_1,
          snake_1, spider_1, d_20, vaults_1, items_5, swamp_end, shoals_end,
          snake_end, spider_end, vaults_end, d_27, items_6, zot_1, zot_end,
          crypt_end, forest_end, elf_end, slime_end, tomb_end, abyss_end,
          pan_hell_end]

Skill      XL: |  1  2  3  4  5  6  7  8  9 10 11 12 13 14 15 16 17 18 |
---------------+-------------------------------------------------------+-----
Fighting       | 4 6 8 10 11 12 14 16 18 20 23 27 | 27.0
Polearms       | 4 6 7 9 11 12 14 17 19 21 24 26 27 | 27.0
Armour         | 3 4 5 6 7 8 11 14 15 17 22 25 27 | 27.0
Dodging        | 3 4 5 6 7 8 9 10 13 18 22 27 | 27.0
Stealth        | 1 2 3 5 9 11 16 27 | 27.0
Shields        | 2 8 16 22 27 | 27.0
Evocations     | 2 5 14 16 | 16.8
Long Blades    | 15 | 15.8

Action                   |  1- 3 |  4- 6 |  7- 9 | 10-12 | 13-15 | 16-18 || total
-------------------------+-------+-------+-------+-------+-------+-------++-------
Melee: Spear             |    27 |       |       |       |       |       ||    27
       Halberd           |       |    17 |    35 |       |       |       ||    52
       Headbutt          |       |     2 |     4 |    25 |    88 |   139 ||   258
       Glaive            |       |       |    16 |   192 |   490 |   503 ||  1201
       Double sword      |       |       |       |       |       |    33 ||    33
Invok: Berserk           |     1 |     1 |     1 |     4 |    12 |    13 ||    32
       Brothers in Arms  |       |       |       |     1 |     5 |     6 ||    12
       Trog's Hand       |       |       |       |       |       |     1 ||     1
Evoke: Wand              |       |       |       |       |     2 |     2 ||     4
       Tin of tremorston |       |       |       |       |       |     2 ||     2
  Use: Potion            |       |       |       |     1 |     4 |    13 ||    18
       Scroll            |       |       |       |       |     3 |    15 ||    18
 Stab: Sleeping          |       |       |       |       |     2 |     2 ||     4
       Distracted        |       |       |       |       |     1 |     1 ||     2
Armor: Animal skin       |     1 |       |       |       |       |       ||     1
       Ring mail         |       |     7 |    15 |    17 |       |       ||    39
       Ice dragon scales |       |       |       |    15 |   168 |    24 ||   207
       Gold dragon scale |       |       |       |       |       |   258 ||   258
Dodge: Dodged            |     5 |     5 |    15 |    73 |   287 |   250 ||   635
Block: Other             |       |       |       |     8 |    77 |    73 ||   158
       Reflection        |       |       |       |       |     3 |     1 ||     4

Table legend: (Time is in decaauts) A = Elapsed time spent in this place. B = Non-inter-level travel time spent in this place. C = Inter-level travel time spent in this place. D = Time resting spent in this place. E = Time spent auto-exploring this place. F = Levels seen in this place. G = Mean time per level. A B C D E F G +--------+--------+--------+--------+--------+-----+--------+ Total | 13098 | 13098 | 0 | 7420 | 2785 | 1 | 13098.0 | Dungeon | 13098 | 13098 | 0 | 7420 | 2785 | 1 | 13098.0 | +--------+--------+--------+--------+--------+-----+--------+

Top non-repeatable levels by time:
       D: 13098 daAuts
